 Dungeon Crawl Stone Soup version 0.19.1 (webtiles) character file.

12 Meow the Conjurer (level 2, 15/15 HPs)
             Began as a Gargoyle Conjurer on Dec 20, 2016.
             Quit the game on level 2 of the Dungeon.
             The game lasted 00:02:48 (1143 turns).

Meow the Conjurer (Gargoyle Conjurer)               Turns: 1143, Time: 00:02:49

Health: 15/15      AC:  4    Str: 11    XL:     2   Next: 33%
Magic:  5/5        EV: 12    Int: 15    God:
Gold:   8          SH:  0    Dex: 10    Spells: 2 memorised, 2 levels left

rFire  . . .     SeeInvis .     g - -3 short sword (curse)
rCold  . . .     Gourm    .     a - +0 robe
rNeg   + . .     Faith    .     (no shield)
rPois  ∞         Spirit   .     (no helmet)
rElec  +         Reflect  .     (no cloak)
rCorr  .         Harm     .     (no gloves)
MR     .....                    (no boots)
Stlth  ++........               (no amulet)
                                (no ring)
                                (no ring)

@: no status effects
A: negative energy resistance 1, electricity resistance, unbreathing,
petrification resistance, rot immunity, AC +2
a: no special abilities


You were on level 2 of the Dungeon.
You were not hungry.

You visited 1 branch of the dungeon, and saw 2 of its levels.

You collected 8 gold pieces.

Inventory:

Hand Weapons
 d - a +0 short sword
 g - a cursed -3 short sword (weapon)
Armour
 a - a +0 robe (worn)
Magical Staves
 e - an uncursed staff of fire
Scrolls
 h - a scroll of remove curse {unknown}
 j - a scroll of identify {unknown}
Potions
 f - a potion of might {unknown}
 k - a potion of curing {unknown}
Books
 b - a book of Conjurations

   Spells                             Type                      Level
   a - Magic Dart                     Conjuration                  1
   b - Searing Ray                    Conjuration                  2
   c - Dazzling Spray                 Conjuration/Hexes            3
   d - Fulminant Prism                Conjuration/Hexes            4
   e - Iskenderun's Mystic Blast      Conjuration                  4
   f - Iskenderun's Battlesphere      Conjuration/Charms           5
Comestibles
 c - 2 bread rations


   Skills:
 - Level 1.5 Dodging
 - Level 2.1 Stealth
 - Level 2.0 Spellcasting
 + Level 5.0 Conjurations


You had 2 spell levels left.
You knew the following spells:

 Your Spells              Type           Power        Failure   Level  Hunger
a - Magic Dart            Conj           ###.         2%          1    #......
b - Searing Ray           Conj           ###...       4%          2    ###....


Dungeon Overview and Level Annotations

Branches:
Dungeon (2/15)

Altars:


Innate Abilities, Weirdness & Mutations

You are resistant to torment.
Your stone body is resilient. (AC +2)
You are immune to poison.
You resist negative energy. (rN+)
You are resistant to electric shocks. (rElec)
You can survive without breathing.
You are immune to petrification.
You are immune to rotting.


Message History

Magic restored.
Things that are here:
a jackal corpse x2
Butcher a jackal corpse? [(y)es/(c)hoosy/(n)o/(a)ll/(e)dible/(q)uit/?]
You butcher the jackal corpse. x2
i - 3 chunks of flesh;
i - 6 chunks of flesh (gained 3) Eat one of 6 chunks of flesh? (ye/n/q)
You start eating one of the 6 chunks of flesh.
This raw flesh tastes terrible.
You start resting.
HP restored.
You now have 8 gold pieces.
j - a scroll labeled KEJO SISTROXI
Found 12 stones.
k - a bubbling brown potion All of the chunks of flesh in your inventory have rotted away.
A rat comes into view.
Found 12 gold pieces.
A rat is nearby!
Are you sure you want to abandon this character and quit the game? (Confirm with "yes".)

......#............##.#
###.#.#.#.######.####.#
#......## #.####.#
#####.## #......# ###
#.###### #.# #.# #.#
#@# #.# #.# #.# ... ...
... #.$r.


You could see a rat (sleeping).

Vanquished Creatures
  A dart slug (D:2)
  A leopard gecko (D:2)
  A goblin (D:2)
  3 jackals (D:2)
  A kobold (D:2)
  A frilled lizard (D:2)
8 creatures vanquished.

Notes
Turn   | Place    | Note
-------+----------+-------------------------------------------
     0 | D:1      | Meow the Gargoyle Conjurer began the quest for the Orb.
     0 | D:1      | Reached XP level 1. HP: 10/10 MP: 3/3
     9 | D:1      | Noticed a redback
     9 | D:1      | Noticed a black mamba
     9 | D:1      | Noticed a lindwurm
    10 | D:1      | Noticed a hound
    10 | D:1      | Noticed a black bear
   628 | D:2      | Reached XP level 2. HP: 15/15 MP: 1/5
   674 | D:2      | Learned a level 2 spell: Searing Ray
   897 | D:2      | Reached skill level 5 in Conjurations
  1143 | D:2      | Quit the game

Skill      XL: |  1  2 |
---------------+-------+-----
Conjurations   | 5 |  5.0
Dodging        | |  1.5
Stealth        | |  2.1
Spellcasting   | |  2.0

Action                   || total
-------------------------++-------
Melee: Short sword       ||    11
 Cast: Magic Dart        ||    24
       Searing Ray       ||     1
  Use: Scroll            ||     1
 Stab: Sleeping          ||     1
  Eat: Chunk             ||     1
Armor: Robe              ||     6
Dodge: Dodged            ||    13
